cohdb
Replays
Latest Replays
All Replays
Popular Replays
Top Player Replays
Match Explorer
How It Works
Community
CoH3 Stats
Reddit
Sign in to upload your games and track your stats! →
Sign in with Steam
Match 41098345
Unlisted
Match 41098345
Overview
Messages
Build Orders
End
Kradschützen Motorcycle Team
Panzergrenadier Squad
Panzergrenadier Squad
250 Light Carrier
Construct Light Support Kompanie
Combat Half-tracks
Fire Support Elements
Panzerjäger Mechanized Group
Vehicle Survival Package
Selects Italian Combined Arms Battlegroup
Selects Bersaglieri Squad
Selects Vehicle Support - Secure Location
Selects Vehicle Support - Force Recon
Flakvierling Half-track
Pak 38 Anti-tank Gun Team
Panzergrenadier Squad
Uwe Berger
Null
0
0
Comments
sign in to comment!
No comments posted yet!